 Dungeon Crawl Stone Soup version 0.30-a0-916-g9813417 (webtiles) character file.

Game seed: 11682764504850013231

772 Think the Nimble (level 7, -7/46 HPs)
             Began as an Octopode Fighter on Mar 21, 2023.
             Mangled by an ogre
             ... wielding a +0 giant club
              (28 damage)
             ... on level 6 of the Dungeon.
             The game lasted 00:11:19 (3359 turns).

Think the Nimble (Octopode Fighter)                 Turns: 3359, Time: 00:11:20

Health: -7/46      AC:  9    Str: 15    XL:     7   Next: 83%
Magic:  0/7        EV: 16    Int:  9    God:
Gold:   205        SH:  4    Dex: 13    Spells: 6/6 levels left

rFire   . . .      SeeInvis .    a - +0 long sword
rCold   . . .      Faith    .    b - +0 buckler
rNeg    . . .      Spirit   +    (helmet restricted)
rPois   .          Reflect  .    h - amulet of guardian spirit
rElec   .          Rampage  .    j - +4 ring of protection
rCorr   .                        m - +4 ring of protection
Will    .....                    (no ring)
Stlth   ++                       (no ring)
HPRegen 0.27/turn                (no ring)
MPRegen 0.10/turn                (no ring)
                                 (no ring)
                                 (no ring)

@: no status effects
A: almost no armour, amphibious, 8 rings, camouflage 1, gelatinous body 1,
(nimble swimmer 1), tentacles, tentacle spike 1, dopey 1
a: no special abilities


You were on level 6 of the Dungeon.
You visited 1 branch of the dungeon, and saw 6 of its levels.

You collected 205 gold pieces.

Inventory:

Hand Weapons
 a - a +0 long sword (weapon)
Missiles
 s - 2 throwing nets (quivered)
Armour
 b - a +0 buckler (worn)
Jewellery
 h - an amulet of guardian spirit (around mantle)
 j - a +4 ring of protection (left tentacle)
 m - a +4 ring of protection (right tentacle)
Wands
 p - a wand of charming (2)
Scrolls
 e - a scroll of teleportation {unknown}
 n - a scroll of fog {unknown}
 o - a scroll of immolation {unknown}
Potions
 c - 2 potions of might
 d - 2 potions of mutation
 f - 5 potions of curing {unknown}
 g - a potion of brilliance {unknown}
 i - a potion of ambrosia {unknown}
 k - 3 potions of resistance {unknown}
 l - a potion of heal wounds {unknown}
 q - a potion of degeneration {unknown}
 r - a potion of attraction {unknown}
 t - a potion of flight {unknown}


   Skills:
 - Level 3.0 Fighting
 * Level 4.5 Long Blades
 - Level 8.0 Dodging
 - Level 3.0 Shields


You had 6 spell levels left.
You didn't know any spells.
Your spell library contained the following spells:

 Spells                   Type           Power      Damage    Failure   Level
 Portal Projectile        Hex/Tloc       0%         N/A       85%         3
 Tukima's Dance           Hex            0%         N/A       85%         3
 Blade Hands              Tmut           0%         N/A       100%        5


Dungeon Overview and Level Annotations

Branches:
Dungeon (7/15)             Temple (0/1) D:6

Altars:


Innate Abilities, Weirdness & Mutations

You cannot wear most types of armour.
You are amphibious.
You can wear up to eight rings at the same time.
Your skin changes colour to match your surroundings (Stealth+).
Your rubbery body absorbs attacks. (AC +1, EV +1)
((You are camouflaged when in or above water. (Stealth+)))
You have tentacles for arms and can constrict up to eight enemies at once.
One of your tentacles bears a spike.
You are dopey. (Int -2)


Message History

You hit the bullfrog.
The bullfrog is severely wounded.
You constrict the bullfrog. The bullfrog closely misses you.
The bullfrog hits you but does no damage.
You hit the bullfrog.
You kill the bullfrog!
Your Long Blades skill increases to level 4!
You slash the ogre!
You pierce the ogre.
You squeeze the ogre!
The ogre is almost dead.
The ogre closely misses you.
You hit the ogre.
You pierce the ogre.
You kill the ogre!
Things that are here:
a +0 giant club; an ogre corpse; a bullfrog corpse Key pressed, stopping explore.
No target in view!
HP restored.
f - 5 emerald potions (gained 1)
Found an escape hatch in the ceiling.
Welcome back, Think the Octopode Fighter.
Press ? for a list of commands and other information.
Key pressed, stopping explore.
The ogre shouts!
The ogre hits you with a +0 giant club!!
You hit the ogre but do no damage. You squeeze the ogre!
The ogre is moderately wounded.
You slash the ogre!
You pierce the ogre.
Your squeeze misses the ogre.
The ogre is heavily wounded.
The ogre completely misses you.
You hit the ogre.
The ogre is severely wounded.
The ogre completely misses you.
You hit the ogre.
You pierce the ogre, but do no damage.
The ogre is severely wounded.
The ogre hits you with a +0 giant club!
You barely miss the ogre. You squeeze the ogre.
The ogre is almost dead.
The ogre hits you with a +0 giant club!!
Ouch! That really hurt!
You die...

#...# #. #...### #.
###..... ..# #. ......#
..####. #
#..#.####.......
#.#####..<..$.#.#####.
#.............|.# #.
#>##.##.##.##...# ##
#...O@..##......###
#....##.#.........# #.###
#.#.##...##.#
#.#####...##...##.### #..
................#
#####.## ##......>....#.#
#......# #..............#
#.###..# #....##...##...#
#.##...###....##...##...#


You could see an ogre.

Vanquished Creatures
  Sigmund (D:3)
  A black bear (D:4)
  A sky beast (D:6)
  An ogre (D:6)
  A kobold brigand (D:4)
  A bullfrog (D:6)
  2 iguanas
  Robin (D:3)
  3 gnolls (D:2)
  4 adders
  A shadow imp (D:7)
  2 worms
  4 dart slugs
  6 endoplasms
  2 giant cockroaches
  19 goblins
  7 hobgoblins
  2 jackals (D:3)
  2 quokkas (D:4)
  9 ball pythons
  8 bats
  4 frilled lizards
  7 kobolds
  5 rats
94 creatures vanquished.

Notes
Turn   | Place    | Note
-------+----------+-------------------------------------------
     0 | D:1      | Think the Octopode Fighter began the quest for the Orb.
     0 | D:1      | Reached XP level 1. HP: 16/16 MP: 1/1
   162 | D:1      | Reached XP level 2. HP: 21/21 MP: 2/2
   322 | D:1      | Reached skill level 4 in Dodging
   415 | D:1      | Reached XP level 3. HP: 26/26 MP: 3/3
   682 | D:2      | Gained mutation: One of your tentacles bears a spike.
                  | [potion of mutation]
   682 | D:2      | Gained mutation: You are dopey. (Int -2) [potion of
                  | mutation]
   689 | D:2      | Reached XP level 4. HP: 31/31 MP: 4/4
   968 | D:2      | Reached skill level 5 in Dodging
  1119 | D:2      | Found a faded altar of an unknown god.
  1757 | D:2      | Reached XP level 5. HP: 36/36 MP: 3/5
  2222 | D:3      | Noticed Sigmund
  2226 | D:3      | Killed Sigmund
  2227 | D:3      | Reached skill level 7 in Dodging
  2227 | D:3      | Reached XP level 6. HP: 42/42 MP: 6/6
  2360 | D:3      | Noticed Robin
  2363 | D:3      | Killed Robin
  2835 | D:4      | Noticed a black bear
  2845 | D:4      | Killed a black bear
  2846 | D:4      | Reached XP level 7. HP: 43/46 MP: 5/7
  3010 | D:4      | Reached skill level 8 in Dodging
  3161 | D:4      | You fall into a shaft and drop 3 floors!
  3303 | D:6      | Found a staircase to the Ecumenical Temple.
  3359 | D:6      | Mangled by an ogre

Illustrated notes

Levels and vault maps discovered:
D:1:      dpeg_arrival_arbitrary_b, layout_basic
D:2:      layout_basic, shapermc_ecumenical_altar_ellora, minmay_tetromino_t2
D:3:      minmay_door_path, layout_loops_corners, uniq_robin, uniq_sigmund
D:4:      layout_loops_ring
D:6:      layout_loops_cross, minmay_temple_entry_stoned_glass
D:7:      minmay_polygon_palace, layout_basic,
          nicolae_overflow_hallway_of_the_gods, uniq_duvessa

Skill      XL: |  1  2  3  4  5  6  7 |
---------------+----------------------+-----
Dodging        | 4 5 7 8 |  8.0
Long Blades    | 4 |  4.5
Fighting       | |  3.0
Shields        | |  3.0

Action                     |  1- 3 |  4- 6 |  7- 9 || total
---------------------------+-------+-------+-------++-------
  Melee: Long sword        |    49 |    98 |    52 ||   199
         Constrict         |    12 |    31 |     7 ||    50
         Tentacles         |     4 |    17 |    10 ||    31
         Kick              |     1 |    31 |    14 ||    46
         Punch             |       |     1 |       ||     1
    Use: Scroll            |     1 |       |       ||     1
         Potion            |     1 |       |       ||     1
   Stab: Sleeping          |     3 |     9 |     4 ||    16
 Armour: Skin              |     7 |    37 |    14 ||    58
  Dodge: Dodged            |    24 |    59 |    36 ||   119
  Block: Buckler           |    12 |    15 |     8 ||    35

Table legend: (Time is in decaauts)
 A = Elapsed time spent in this place.
 B = Non-inter-level travel time spent in this place.
 C = Inter-level travel time spent in this place.
 D = Time resting spent in this place.
 E = Time spent auto-exploring this place.
 F = Levels seen in this place.
 G = Mean time per level.
                   A        B        C        D        E       F      G
               +--------+--------+--------+--------+--------+-----+--------+
         Total |   3423 |   3305 |    118 |     74 |   2476 |   6 |  570.5 |
       Dungeon |   3423 |   3305 |    118 |     74 |   2476 |   6 |  570.5 |
               +--------+--------+--------+--------+--------+-----+--------+

Top non-repeatable levels by time:
     D:2: 1315 daAuts
     D:3: 857 daAuts
     D:1: 668 daAuts
     D:4: 374 daAuts
     D:6: 142 daAuts
     D:7: 65 daAuts
